 Dungeon Crawl Stone Soup version 0.30-b1-2-g02819fbbbe (webtiles) character file.

Game seed: 12484499285304878412

1091626 elgoggo the Demonic Barricade (level 27, -13/222 HPs)
             Began as a Demonspawn Monk on Dec 17, 2023.
             Was the Champion of Lugonu.
             Mangled by a war gargoyle
             ... wielding a +0 morningstar
              (16 damage)
             ... on level 2 of the Iron City of Dis on Dec 21, 2023.
             The game lasted 14:52:14 (121014 turns).

elgoggo the Demonic Barricade (Demonspawn Monk)   Turns: 121014, Time: 14:52:14

Health: -13/222    AC: 46    Str: 17    XL:     27
Magic:  0/32       EV: 23    Int: 11    God:    Lugonu [******]
Gold:   10269      SH: 41    Dex: 21    Spells: 40/52 levels left

rFire   + + .        C - +9 war axe (spect)
rCold   + . .        H - +2 tower shield {reflect}
rNeg    + + .        L - +7 fire dragon scales "Rasm" {rElec rF++ rC- Slay+3}
rPois   .            Q - +2 helmet {SInv}
rElec   +            (cloak unavailable)
rCorr   +            E - +3 pair of gauntlets of War {Slay+5}
SInv    +            f - +2 pair of boots {rampage}
Will    ++++.        P - brooch of Shielding {Spirit SH+8}
Stlth   +            V - ring "Riaxitt" {rF- rC++ Will+ rCorr Stlth+}
HPRegen 0.57/turn    Z - ring of Greed {rF+ rN++ AC+4}
MPRegen 0.23/turn

%: reflection, guardian spirit, rampage
@: marked, studying 4 skills, invisible, unable to read, corroded
A: yellow scales 3, hurl damnation, icemail 2, spiny 3, torment resistance 1,
condensation shield, demonic willpower, weakness stinger 3, hooves 1, see
invisible, clumsy 1, deterioration 2, dopey 1, frail 1, low MP 2, shaggy fur 2,
no potion heal 2, inability to read after injury 2, MP-powered wands
}: 12/15 runes: decaying, slimy, silver, obsidian, bone, abyssal, demonic,
glowing, magical, fiery, dark, gossamer
a: Hurl Damnation, Renounce Religion, Depart the Abyss, Banish, Corrupt, Enter
the Abyss, Brand Weapon With Distortion


You were on level 2 of the Iron City of Dis.
You worshipped Lugonu.
Lugonu was exalted by your worship.
You visited 18 branches of the dungeon, and saw 75 of its levels.
You visited Pandemonium 2 times, and saw 24 of its levels.
You visited the Abyss 3 times.
You visited 1 bazaar.
You also visited: Trove, Ice Cave and Desolation.

You collected 14034 gold pieces.
You spent 3765 gold pieces at shops.

Inventory:

Hand Weapons
 g - the +13 sceptre of Asmodeus
   (You took it off Asmodeus on level 7 of Gehenna)

   Fire Summon: It may summon demons of flame and damnation when striking foes.
 y - a +8 broad axe of protection
 C - a +9 spectral war axe (weapon)
 O - the +6 sword of Cerebov {flame}
   (You took it off Cerebov in Pandemonium)
Missiles
 h - 3 silver javelins (quivered)
Armour
 f - a +2 pair of boots of rampaging (worn)
 s - the +1 pearl dragon scales of the Tuna {rN+ Will+ Int+3 Dex+2}
   (You found it in Pandemonium)

   Int:       It affects your intelligence (+3).
   Dex:       It affects your dexterity (+2).
   rN:        It protects you from negative energy.
   Will:      It increases your willpower.
 w - +8 storm dragon scales {Bai Suzhen}
 E - the +3 pair of gauntlets of War (worn) {Slay+5}
   (You found it on level 7 of the Dungeon)

   Slay:      It affects your accuracy & damage with ranged weapons and melee
   (+5).
 H - a +2 tower shield of reflection (worn)
 L - the +7 fire dragon scales "Rasm" (worn) {rElec rF++ rC- Slay+3}
   (You found it in Pandemonium)

   Slay:      It affects your accuracy & damage with ranged weapons and melee
   (+3).
   rF:        It greatly protects you from fire.
   rC:        It makes you vulnerable to cold.
   rElec:     It insulates you from electricity.
 Q - a +2 helmet of see invisible (worn)
Jewellery
 i - the ring "Eblitill" {Int+6 SInv}
   (You found it on level 7 of Tartarus)

   [ring of see invisible]

   Int:       It affects your intelligence (+6).
   SInv:      It lets you see invisible.
 u - the ring "Benarch" {rC+ rN+ MP+9}
   (You found it on level 3 of the Crypt)

   [ring of magical power]

   rC:        It protects you from cold.
   rN:        It protects you from negative energy.
   MP:        It affects your magic capacity (+9).
 v - the ring "Bule" {rPois rF+ Will+ Str+6 Stlth+}
   (You found it on level 1 of the Depths)

   [ring of strength]

   Str:       It affects your strength (+6).
   rF:        It protects you from fire.
   rPois:     It protects you from poison.
   Will:      It increases your willpower.
   Stlth:     It makes you more stealthy.
 z - the ring "Juhost" {Fly rF+ rN+++ Dex+2}
   (You found it on level 7 of Tartarus)

   [ring of flight]

   Dex:       It affects your dexterity (+2).
   rF:        It protects you from fire.
   rN:        It renders you almost immune to negative energy.
   Fly:       It grants you flight.
 B - the ring "Cuhaz" {rF+ AC+4 Dex+4 Stlth+}
   (You found it in Pandemonium)

   [ring of protection]

   AC:        It affects your AC (+4).
   Dex:       It affects your dexterity (+4).
   rF:        It protects you from fire.
   Stlth:     It makes you more stealthy.
 P - the brooch of Shielding (around neck) {Spirit SH+8}
   (You found it in the Desolation of Salt)

   [amulet of guardian spirit]

   It causes incoming damage to be divided between your reserves of health and
   magic.
   SH:        It affects your SH (+8).
 S - an amulet of reflection
 V - the ring "Riaxitt" (left hand) {rF- rC++ Will+ rCorr Stlth+}
   (You acquired it on level 3 of the Dungeon)

   [ring of willpower]

   rF:        It makes you vulnerable to fire.
   rC:        It greatly protects you from cold.
   rCorr:     It protects you from acid and corrosion.
   Will:      It increases your willpower.
   Stlth:     It makes you more stealthy.
 W - the ring of Qalameuri {Ice rPois Str+4 Int+2}
   (You found it on level 5 of the Pits of Slime)

   [ring of ice]

   It enhances your ice magic.
   Str:       It affects your strength (+4).
   Int:       It affects your intelligence (+2).
   rF:        It makes you vulnerable to fire.
   rC:        It protects you from cold.
   rPois:     It protects you from poison.
 Z - the ring of Greed (right hand) {rF+ rN++ AC+4}
   (You found it on level 4 of the Lair of Beasts)

   [ring of protection]

   AC:        It affects your AC (+4).
   rF:        It protects you from fire.
   rN:        It greatly protects you from negative energy.
Wands
 a - a wand of mindburst (48)
 l - a wand of acid (13)
 t - a wand of digging (21)
 x - a wand of paralysis (23)
 J - a wand of iceblast (41)
Scrolls
 b - 3 scrolls of silence
 n - a scroll of poison
 p - 4 scrolls of torment
 q - 3 scrolls of teleportation
 F - 8 scrolls of fog
 G - 10 scrolls of fear
 N - a scroll of enchant armour
 U - 3 scrolls of summoning
Potions
 c - a potion of berserk rage
 e - 26 potions of curing
 j - a potion of magic
 k - 2 potions of invisibility
 m - 12 potions of lignification
 o - 10 potions of brilliance
 r - 11 potions of flight
 A - 7 potions of might
 I - a potion of mutation
 K - 2 potions of resistance
 M - 3 potions of haste
 R - 8 potions of cancellation
 X - 6 potions of ambrosia
Miscellaneous
 d - the horn of Geryon


   Skills:
 - Level 26.8 Fighting
 - Level 22.2 Axes
 - Level 0.6(14.6) Maces & Flails
 - Level 9.9 Throwing
 + Level 23.6 Armour
 + Level 21.3 Dodging
 O Level 27 Shields
 - Level 13.1 Spellcasting
 - Level 11.0 Hexes
 - Level 12.3 Air Magic
 - Level 11.5 Invocations
 - Level 6.0 Evocations


You had 40 spell levels left.
You knew the following spells:

 Your Spells              Type           Power      Damage    Failure   Level
a - Swiftness             Air            34%        N/A       1%          3
b - Silence               Hex/Air        16%        N/A       4%          5
c - Airstrike             Air            17%        2d(3-19)  1%          4

Your spell library contained the following spells:

 Spells                   Type           Power      Damage    Failure   Level
 Shock                    Conj/Air       80%        1d8       1%          1
 Slow                     Hex            100%       N/A       1%          1
 Confusing Touch          Hex            31%        N/A       1%          3
 Tukima's Dance           Hex            31%        N/A       1%          3
 Cause Fear               Hex            15%        N/A       1%          4
 Poisonous Vapours        Pois/Air       40%        N/A       2%          2
 Ensorcelled Hibernation  Hex/Ice        38%        N/A       3%          2
 Vhi's Electric Charge    Tloc/Air       40%        N/A       4%          3
 Dazzling Flash           Conj/Hex       38%        N/A       6%          3
 Inner Flame              Hex/Fire       19%        N/A       6%          3
 Portal Projectile        Hex/Tloc       38%        N/A       6%          3
 Summon Guardian Golem    Hex/Summ       19%        N/A       6%          3
 Mephitic Cloud           Conj/Pois/Air  16%        N/A       11%         3
 Summon Lightning Spire   Summ/Air       20%        N/A       16%         4
 Apportation              Tloc           14%        N/A       19%         1
 Beastly Appendage        Tmut           14%        N/A       19%         1
 Foxfire                  Conj/Fire      28%        2x1d5     19%         1
 Kiss of Death            Conj/Necr      28%        2d7       19%         1
 Magic Dart               Conj           28%        1d4       19%         1
 Necrotise                Necr           28%        1d5       19%         1
 Sandblast                Erth           14%        2d6       19%         1
 Summon Small Mammal      Summ           28%        N/A       19%         1
 Anguish                  Hex/Necr       9%         N/A       21%         4
 Fulminant Prism          Conj/Hex       9%         3d7       21%         4
 Leda's Liquefaction      Hex/Erth       9%         N/A       21%         4
 Blink                    Tloc           14%        N/A       28%         2
 Call Imp                 Summ           14%        N/A       28%         2
 Lesser Beckoning         Tloc           14%        N/A       28%         2
 Passwall                 Tmut/Erth      5%         N/A       28%         2
 Searing Ray              Conj           14%        2d5       28%         2
 Sublimation of Blood     Necr           7%         N/A       28%         2
 Wereblood                Tmut           7%         N/A       28%         2
 Arcjolt                  Conj/Air       10%        1d20      38%         5
 Call Canine Familiar     Summ           7%         N/A       50%         3
 Frozen Ramparts          Ice            14%        1d3       50%         3
 Gell's Gravitas          Tloc           7%         N/A       50%         3
 Ignite Poison            Fire/Tmut/Pois 7%         N/A       50%         3
 Ozocubu's Armour         Ice            7%         N/A       50%         3
 Stone Arrow              Conj/Erth      14%        3d7       50%         3
 Teleport Other           Tloc           7%         N/A       50%         3
 Vampiric Draining        Necr           7%         2d6       50%         3
 Volatile Blastmotes      Fire/Tloc      14%        2d11      50%         3
 Metabolic Englaciation   Hex/Ice        9%         N/A       50%         5
 Yara's Violent Unravell  Hex/Tmut       9%         3d6       50%         5
 Freezing Cloud           Conj/Ice/Air   8%         6-21      69%         5
 Enfeeble                 Hex            15%        N/A       87%         7
 Animate Armour           Summ/Erth      14%        N/A       88%         4
 Animate Dead             Necr           7%         N/A       88%         4
 Dispel Undead            Necr           7%         3d8       88%         4
 Flame Wave               Conj/Fire      7%         2d5       88%         4
 Iskenderun's Mystic Bla  Conj/Tloc      7%         2d4       88%         4
 Manifold Assault         Tloc           7%         N/A       88%         4
 Passage of Golubria      Tloc           7%         N/A       88%         4
 Petrify                  Tmut/Erth      7%         N/A       88%         4
 Sticky Flame             Conj/Fire      7%         2d3       88%         4
 Summon Ice Beast         Ice/Summ       7%         N/A       88%         4
 Conjure Ball Lightning   Conj/Air       10%        3x3d6     93%         6
 Plasma Beam              Fire/Air       10%        2x1d23    93%         6
 Agony                    Necr           7%         N/A       99%         5
 Alistair's Intoxication  Tmut/Pois      4%         N/A       99%         5
 Blade Hands              Tmut           3%         N/A       99%         5
 Borgnjor's Vile Clutch   Necr/Erth      3%         N/A       99%         5
 Fireball                 Conj/Fire      3%         3d4       99%         5
 Iskenderun's Battlesphe  Conj           7%         2d6       99%         5
 Lee's Rapid Deconstruct  Erth           3%         3d5*      99%         5
 Death Channel            Necr           3%         N/A       100%        6
 Eringya's Noxious Bog    Tmut/Pois      3%         N/A       100%        6
 Iron Shot                Conj/Erth      3%         9d2       100%        6
 Simulacrum               Ice/Necr       3%         N/A       100%        6
 Starburst                Conj/Fire      3%         6d3       100%        6
 Statue Form              Tmut/Erth      4%         N/A       100%        6
 Dragon Form              Tmut           3%         N/A       100%        7
 Haunt                    Necr/Summ      3%         N/A       100%        7
 Malign Gateway           Summ/Tloc      3%         N/A       100%        7
 Orb of Destruction       Conj           3%         9d5       100%        7
 Ozocubu's Refrigeration  Ice            3%         4d8       100%        7
 Spellforged Servitor     Conj/Summ      3%         N/A       100%        7
 Storm Form               Tmut/Air       10%        N/A       100%        7
 Summon Hydra             Summ           3%         N/A       100%        7
 Borgnjor's Revivificati  Necr           3%         N/A       100%        8
 Disjunction              Tloc           3%         N/A       100%        8
 Ignition                 Fire           3%         3d4       100%        8
 Lehudib's Crystal Spear  Conj/Erth      3%         10d3      100%        8
 Maxwell's Capacitive Co  Air            17%        ∞         100%        8
 Summon Horrible Things   Summ           3%         N/A       100%        8
 Chain Lightning          Conj/Air       10%        3d13      100%        9
 Death's Door             Necr           3%         N/A       100%        9
 Dragon's Call            Summ           3%         N/A       100%        9


Dungeon Overview and Level Annotations

Branches:
Dungeon (15/15)            Temple (1/1) D:5            Lair (5/5) D:11
  Swamp (4/4) Lair:3       Spider (4/4) Lair:2        Slime (5/5) Lair:5
    Orc (2/2) D:11            Elf (3/3) Orc:2        Vaults (5/5) D:13
  Crypt (3/3) Vaults:2       Tomb (1/3) Crypt:3      Depths (4/4) D:15
   Hell (visited)             Dis (2/7) Hell            Geh (7/7) Hell
    Coc (1/7) Hell            Tar (7/7) Hell            Zot (5/5) Depths:4
  IceCv (visited)         Desolation (visited)

Altars:
Ashenzari
Cheibriados
Dithmenos
Fedhas
Gozag
Hepliaklqana
Kikubaaqudgha
Makhleb
Nemelex Xobeh
Okawaru
Qazlal
Ru
Sif Muna
Trog
Uskayaw
Vehumet
Wu Jian
Xom
Yredelemnul
Jiyva

Shops:
D:3 ?[*   D:7 *   D:10 ?!=[   D:13 !   D:15 *   Orc:2 **[[[   Elf:3 ?
Depths:1 =:=

Portals:
Hell: Depths:2 Depths:3 Depths:4
Abyss: Lair:2 Depths:3
Pandemonium: Depths:2 Depths:4
Ziggurat: Depths:2

Annotations:
D:8 2 transporters
Vaults:2 1 transporter
Vaults:3 3 runed translucent doors, Synox's ghost, legendary FoFi


Innate Abilities, Weirdness & Mutations

You are completely covered in yellow scales. (AC +4, rCorr)
You can hurl damnation.
A meltable icy envelope protects you from harm. (AC +8)
You are completely covered in sharp spines.
You are resistant to unholy torment.
A meltable shield of frost defends you. (SH +4)
You punish those that try to bend your will. (Will+)
You have a sharp stinger which inflicts weakening toxins.
You have large cloven feet.
You have supernaturally acute eyesight. (SInv)
You are clumsy. (Dex -2)
Your body often deteriorates upon taking damage.
You are dopey. (Int -2)
You are frail. (-10% HP)
Your magical capacity is very low. (-20% MP)
You are covered in thick fur. (AC +2)
Potions cannot restore your health.
You sometimes lose the ability to read scrolls when taking damage.
You expend magic power (3 MP) to strengthen your wands.


Message History

Your +9 spectral war axe hits the iron golem!
You block the iron golem's attack. x2
You hit the iron golem but do no damage.
The iron golem is almost destroyed.
Your +9 spectral war axe hits the iron golem!!
You destroy the iron golem!
Lugonu accepts your kill.
The war gargoyle hits your +9 spectral war axe with a +0 morningstar of protection!!
Your spectral weapon shares its damage with you!
Your +9 spectral war axe disappears.
* * * LOW HITPOINT WARNING * * *
You fade into invisibility!
You block the war gargoyle's attack.
You see here a caustic shrike corpse.
The war gargoyle attacks as you move away!
The war gargoyle hits you with a +0 morningstar.
* * * LOW HITPOINT WARNING * * *
An ancient champion comes into view.
It is wielding a +0 great sword of draining.
The hellion gestures at something.
The sphere of damnation explodes!
The damnation engulfs the war gargoyle!!
You block the war gargoyle's attack.
The war gargoyle pulls the alarm!
The alarm trap emits a blaring wail!
A sentinel's mark forms upon you.
The war gargoyle launches metal splinters at you.
The spray of metal splinters hits you but does no damage.
You block the war gargoyle's attack.
You slash the war gargoyle!
You tail-slap the war gargoyle, but do no damage.
The war gargoyle is severely damaged.
Your +9 spectral war axe hits the war gargoyle.
The war gargoyle launches metal splinters at you.
The spray of metal splinters hits you but does no damage.
The spray of metal splinters hits your +9 spectral war axe!!!
Your spectral weapon shares its damage with you!
Your +9 spectral war axe disappears.
* * * LOW HITPOINT WARNING * * *
The war gargoyle hits you with a +0 morningstar!
You die...

#......######..###
##........#......#
#........'......#
#.....####'#..###
#.....#....#..# .
#.....#....#..# .(
#####'#....##)# 9z.
#.....#....#..# ....
#.....######.@######b....
#........'...9.9[#2.⌠....
#........#......)z)......
#........#.......#.......
#........#.......#....(..
#........#..#############
#........#..#
#############


You could see an ancient champion (unable to see you) and 2 war gargoyles.

Vanquished Creatures
  Cerebov (Pan)
  Asmodeus (Geh:7)
  the Royal Jelly (Slime:5)
  Ereshkigal (Tar:7)
  Ignacio (Pan)
  Gloorx Vloq (Pan)
  Lom Lobon (Pan)
  Mnoleg (Pan)
  6 ancient liches
  Mennas (Pan)
  6 dread liches
  Mara (Depths:1)
  9 orbs of fire (Zot:5)
  3 royal mummies (Tomb:1)
  Frederick (Depths:3)
  Boris (twice) (Vaults:3 Crypt:2)
  Sojobo (Vaults:1)
  Bai Suzhen (Crypt:2)
  3 Killer Klowns (Zot:5)
  A shard shrike (Zot:5)
  3 caustic shrikes
  2 curse toes
  Saint Roka (Elf:3)
  The ghost of NitroKuite the Wrestler, an adept TrFi of Qazlal (Elf:3)
  8 pandemonium lords (Pan)
  Geryon (Hell)
  Nikola (Spider:4)
  9 golden dragons
  Jory (Crypt:2)
  29 bone dragons
  3 profane servitors
  18 Tzitzimimeh
  2 electric golems (Zot:5)
  15 doom hounds
  11 Brimstone Fiends
  An iron giant (Dis:2)
  3 spectral shard shrikes
  Jorgrun (Spider:1)
  8 hellephants
  Zenata (Crypt:2)
  8 liches
  5 Hell Sentinels
  20 tainted leviathans
  6 Ice Fiends (Pan)
  A walking crystal tome (Depths:3)
  25 Orb Guardians
  10 quicksilver dragons
  16 tentacled monstrosities
  14 searing wretches
  A walking divine tome (Depths:3)
  Asterion (Spider:3)
  7 titans
  2 deep elf master archers (Elf:3)
  3 deep elf blademasters
  9 death cobs
  5 tentacled starspawn
  14 acid blobs
  10 sphinxes
  28 Executioners (Pan)
  13 ancient champions
  Agnes (Vaults:1)
  14 shadow dragons
  2 thorn hunters (Swamp:4)
  17 storm dragons
  13 tengu reavers
  3 revenants
  3 draconian monks
  Donald (Vaults:1)
  10 azure jellies
  12 rockslimes
  6 draconian knights
  20 fire giants
  16 demonspawn warmongers (Pan)
  An emperor scorpion (Spider:4)
  7 iron dragons
  7 frost giants
  2 quicksilver elementals
  2 deep elf sorcerers
  2 imperial myrmidons (Desolation)
  16 vault wardens
  5 draconian scorchers
  2 orc warlords
  8 ghost moths
  2 draconian shifters
  Louise (Depths:3)
  3 curse skulls
  A spectral juggernaut (Tar:3)
  A ghoul (Crypt:1)
  2 spectral caustic shrikes
  2 angels (Elf:1)
  24 reapers
  2 caustic shrike skeletons
  2 draconian stormcallers (Zot:1)
  34 balrugs
  2 deep elf elementalists (Elf:3)
  14 ironbound preservers
  9 draconian annihilators
  20 cacodemons
  A spriggan defender (Depths:2)
  6 demonspawn blood saints (Pan)
  8 quicksilver oozes
  6 demonspawn corrupters (Pan)
  10 war gargoyles
  7 ironbound thunderhulks
  5 vampire knights
  32 very ugly things
  11 stone giants
  Nessos (D:15)
  17 putrid mouths
  6 deep elf demonologists (Elf:3)
  11 black draconians
  A spectral titan (Tar:1)
  21 lorocyprocas (Pan)
  4 eleionomae
  8 demonspawn black suns (Pan)
  9 red draconians
  34 dire elephants
  A wendigo (Hell)
  9 purple draconians
  12 green draconians
  8 deep elf annihilators
  9 spark wasps
  3 bunyips
  A halazid warlock (Desolation)
  11 white draconians
  The ghost of Panino the Fighter, a journeyman DrTm of Okawaru (Lair:2)
  An acid blob zombie (Crypt:3)
  8 yellow draconians
  22 blizzard demons
  18 eidola
  12 deep elf death magi
  13 ettins
  19 green deaths (Pan)
  A spectral golden dragon (Tar:3)
  11 jiangshi
  6 crystal guardians
  5 mummy priests (Tomb:1)
  2 spectral quicksilver dragons (Tar:4)
  9 entropy weavers
  3 shambling mangroves
  The ghost of Melkor the Fighter, a journeyman MiGl of Okawaru (D:11)
  An entropy weaver (shapeshifter) (Elf:2)
  7 fire dragons
  3 caustic shrike simulacra
  6 iron golems
  Harold (D:11)
  5 deep elf high priests
  9 great orbs of eyes
  11 ice dragons
  A spectral spriggan (Tar:3)
  13 peacekeepers
  6 rakshasas
  8 spriggan air magi
  35 vault guards
  12 yaktaur captains
  A radroach (Spider:1)
  4 hell beasts (Pan)
  5 ironbound frosthearts
  11 salamander tyrants
  4 ragged hierophants (Desolation)
  2 ogre magi
  A ghost crab (Swamp:3)
  3 catoblepae
  5 servants of whispers (Desolation)
  2 fenstrider witch skeletons (Crypt:1)
  26 hydras
  3 jorogumos (Spider:4)
  3 death knights
  10 boulder beetles
  4 two-headed ogres
  6 stokers
  25 dancing weapons
  Erica (D:9)
  A spectral stone giant (Tar:1)
  4 spriggan skeletons
  17 alligators
  2 bennu zombies
  16 centaur warriors
  7 tengu warriors
  9 death scarabs (Spider:4)
  6 deep troll earth magi
  5 vampire magi
  9 deep troll shamans
  Urug (Lair:2)
  3 death yaks (Lair:5)
  A spectral dire elephant (Tar:3)
  24 hell hogs
  A thrashing horror (Abyss:5)
  6 orc high priests
  9 spriggan berserkers
  16 deep elf knights
  9 spriggans
  A titan zombie (Hell)
  13 hell knights
  A wretched star (Abyss:5)
  A shock serpent (shapeshifter) (Depths:3)
  36 soul eaters
  A storm dragon zombie (Depths:1)
  A spatial maelstrom (Abyss:5)
  26 shadow wraiths
  A crystal echidna (Dis:1)
  84 sun demons
  40 skeletal warriors
  23 sixfirhies
  3 skysharks
  56 deep trolls
  3 pharaoh ants (Spider:4)
  3 sun moths
  5 goliath frogs
  3 spriggan druids
  A spectral anaconda (Tar:3)
  9 iron trolls
  An iron giant zombie (Crypt:2)
  10 flayed ghosts
  2 death drakes
  A swamp dragon (shapeshifter) (Vaults:5)
  6 swamp dragons
  9 orb spiders
  7 deep elf archers
  9 glowing orange brains
  2 bunyip skeletons (Crypt:1)
  A shadow dragon zombie (Hell)
  3 tengu zombies
  A spectral hydra (Tar:4)
  2 anaconda skeletons
  8 shadow demons
  10 wizards
  A spriggan simulacrum (Crypt:2)
  2 orange crystal statues (IceCv)
  6 bog bodies
  11 necromancers
  2 spectral wolf spiders (Spider:4)
  A golden dragon skeleton (Depths:3)
  13 steelbarb worms
  14 phantasmal warriors
  14 orc knights
  15 wolf spiders
  An iron giant skeleton (Crypt:3)
  24 deep elf pyromancers
  27 deep elf zephyrmancers
  A wolf spider zombie (Spider:4)
  A spectral ettin (Tar:1)
  7 lindwurms (Vaults:1)
  4 cyclopes
  A sphinx zombie (Crypt:1)
  19 ironbound convokers
  A broodmother zombie (Spider:4)
  33 ugly things
  8 shining eyes
  2 fire giant zombies
  2 orc sorcerers
  A worldbinder (Abyss:2)
  4 will-o-the-wisps
  34 moths of wrath
  A human zombie (Vaults:2)
  4 manticores
  Maurice (D:10)
  A spectral alligator snapping turtle (Tar:3)
  A draconian skeleton (Crypt:1)
  3 spectral centaurs (Tar:2)
  Joseph (D:10)
  A stone giant skeleton (Crypt:1)
  22 vault sentinels
  2 centaur zombies (D:11)
  7 elephants (Lair:5)
  33 demonic crawlers
  3 elf zombies
  6 torpor snails
  An apocalypse crab (Abyss:5)
  68 smoke demons
  6 black mambas
  3 guardian serpents (Desolation)
  2 rust devils (Pan)
  16 molten gargoyles
  2 gargoyles
  3 eyes of devastation (Slime:2)
  An eye of devastation (shapeshifter) (D:15)
  31 hellions
  13 cane toads
  2 centaur skeletons (Pan)
  8 komodo dragons
  35 orange demons
  2 dire elephant zombies (Hell)
  An orc skeleton (Crypt:1)
  2 spectral redbacks (Spider:4)
  A spriggan zombie (Depths:1)
  Psyche (D:10)
  3 rime drakes
  3 spectral nagas
  An unseen horror (shapeshifter) (D:14)
  An anaconda simulacrum (IceCv)
  28 tormentors
  8 swamp worm zombies (Crypt:2)
  28 yaktaurs
  An unseen horror (D:13)
  A red draconian zombie (Crypt:2)
  5 tengu conjurers
  A redback zombie (Spider:4)
  An alligator snapping turtle skeleton (Crypt:1)
  A dire elephant skeleton (Crypt:1)
  3 ice devils
  10 efreet
  9 freezing wraiths
  4 kobold demonologists
  2 yaktaur skeletons
  10 polar bears
  A sea snake zombie (Crypt:1)
  6 catoblepas skeletons (Abyss:5)
  4 guardian mummies (Tomb:1)
  7 red devils (Pan)
  3 golden dragon simulacra (IceCv)
  A troll (shapeshifter) (D:15)
  A spectral harpy (Tar:2)
  2 ancient zymes
  A harpy zombie (Abyss:2)
  A silent spectre (Tar:7)
  3 meliai (Spider:2)
  6 trolls
  A tengu simulacrum (Vaults:1)
  13 hornets
  7 harpy skeletons
  23 tarantellas
  5 raiju
  11 tyrant leeches
  A hydra skeleton (Crypt:3)
  47 saltlings (Desolation)
  2 spectral jumping spiders (Spider:4)
  A culicivora zombie (Spider:4)
  An iron dragon simulacrum (Coc:1)
  17 hellwings (Pan)
  3 spectral tarantellas (Spider:4)
  4 blink frogs (Lair:2)
  23 jumping spiders
  2 fire dragon skeletons
  25 flying skulls
  2 air elementals
  18 culicivoras
  51 large abominations
  123 slime creatures
  9 water elementals
  4 shadows
  A naga simulacrum (Crypt:2)
  2 vampires
  25 yaks
  3 ettin skeletons
  14 wraiths
  Grum (D:9)
  3 wyverns
  34 ynoxinuls
  4 dire elephant simulacra
  A black mamba skeleton (Pan)
  3 basilisks
  2 fire elementals
  8 ushabtiu (Tomb:1)
  6 golden eyes (Slime:1)
  21 vampire mosquitoes
  34 chaos spawn
  A hog (shapeshifter) (Elf:1)
  53 redbacks
  A steam dragon (shapeshifter) (Lair:2)
  31 neqoxecs (Pan)
  A spatial vortex (Abyss:5)
  11 wargs
  5 harpy simulacra
  2 glowing shapeshifter zombies
  2 acid dragons
  13 swamp worms
  4 naga zombies
  An ogre zombie (Vaults:2)
  16 hell hounds (Lair:5)
  A hydra simulacrum (IceCv)
  11 water moccasins
  An entropy weaver zombie (Crypt:1)
  A floating eye (Slime:2)
  An ice dragon simulacrum (Coc:1)
  12 swamp drakes
  A glowing shapeshifter skeleton (Crypt:3)
  5 naga skeletons
  43 orc warriors
  A demonspawn skeleton (Crypt:2)
  A manticore zombie (Crypt:1)
  An ice beast (D:6)
  13 black bears
  A sky beast (D:8)
  6 ogres
  3 ettin simulacra
  A torpor snail zombie (Crypt:3)
  2 alligator simulacra (IceCv)
  26 wolves
  A phantom (D:4)
  19 centaurs
  A rime drake zombie (Crypt:3)
  9 bullfrogs
  9 earth elementals
  5 kobold brigands
  Blork the orc (D:5)
  3 scorpions
  A gnoll sergeant (D:6)
  2 necrophages (Crypt:1)
  A queen bee zombie (Crypt:3)
  3 small abominations (Abyss:2)
  19 wights
  9 killer bees (D:9)
  A lindwurm simulacrum (IceCv)
  6 electric eels
  10 howler monkeys
  A raiju skeleton (Crypt:2)
  12 crimson imps
  4 jellies
  29 orc priests
  5 hounds
  An iguana (D:5)
  An iron imp (Abyss:2)
  A sleepcap (D:8)
  A basilisk skeleton (Crypt:1)
  23 orc wizards
  6 hell rats (Hell)
  A hound zombie (Crypt:1)
  16 mummies (Tomb:1)
  10 gnolls
  6 adders
  7 white imps
  2 ufetubi
  An adder skeleton (Crypt:3)
  A worm (D:2)
  3 dart slugs
  110 orcs
  2 bats
  4 endoplasms
  4 hobgoblins
  A jackal (D:2)
  3 quokkas
  3 ball pythons
  3 frilled lizards
  2 goblins
  A goblin skeleton (Crypt:2)
  24 kobolds
  A kobold skeleton (Crypt:2)
  5 rats
  2 ball lightnings (Pan)
  2 briar patches (Lair:4)
  A creeping inferno (Geh:2)
  3 fire vortices (Pan)
  5 plants
  A spectral weapon (Spider:3)
  2 starspawn tentacles
3722 creatures vanquished.

Vanquished Creatures (others)
  An eldritch tentacle (Tomb:1)
  A balrug (Pan)
  A demonspawn black sun (Pan)
  A blizzard demon (Pan)
  A salamander tyrant (Geh:7)
  A peacekeeper (Desolation)
  2 wizards (Pan)
  A deep elf zephyrmancer (Elf:1)
  A smoke demon (Pan)
  A tormentor (Coc:1)
  2 bunyip simulacra (Coc:1)
  2 hellions
  3 bloated husks
  A dire elephant simulacrum (Coc:1)
  A chaos spawn (Pan)
  A warg (Elf:3)
  A harpy simulacrum (Coc:1)
  An orc warrior (Vaults:5)
  A fire dragon simulacrum (Coc:1)
  An orc (Vaults:5)
  7 ball lightnings (Pan)
  8 creeping infernos
  2 fire vortices
  14 foxfires
  113 fungi
  A lurking horror (Abyss:5)
  173 plants
  305 spectral weapons
  11 starspawn tentacles
659 creatures vanquished.

Grand Total: 4381 creatures vanquished

Notes
Turn   | Place    | Note
-------+----------+-------------------------------------------
     0 | D:1      | elgoggo the Demonspawn Monk began the quest for the Orb.
     0 | D:1      | Reached XP level 1. HP: 18/18 MP: 1/1
   436 | D:2      | Gained mutation: You have a small tail. [demonic ancestry]
   436 | D:2      | Reached XP level 2. HP: 22/24 MP: 2/2
   538 | D:2      | Gained mutation: A meltable shield of frost defends you.
                  | (SH +4) [demonic ancestry]
   538 | D:2      | Reached XP level 3. HP: 19/29 MP: 3/3
   889 | D:2      | Found a faded altar of an unknown god.
  1026 | D:3      | Found a radiant altar of Vehumet.
  1126 | D:3      | Found Pogit's Magic Scroll Shop.
  1146 | D:3      | Bought a scroll of identify for 20 gold pieces
  1200 | D:3      | Gained mutation: You are partially covered in sharp spines.
                  | [demonic ancestry]
  1200 | D:3      | Reached XP level 4. HP: 12/37 MP: 4/4
  1480 | D:3      | Found Feryt's Armour Shoppe.
  1544 | D:3      | Found Gahiehe's Assorted Antiques.
  1749 | D:4      | Reached XP level 5. HP: 42/42 MP: 5/5
  1798 | D:4      | Found an ancient bone altar of Kikubaaqudgha.
  1918 | D:4      | Reached skill level 5 in Axes
  1958 | D:4      | Reached XP level 6. HP: 47/48 MP: 6/6
  2049 | D:4      | Found a stormy altar of Qazlal.
  2315 | D:4      | Reached skill level 1 in Armour
  2328 | D:4      | Identified the +7 dagger of Symmetry {freeze, rElec}
  2339 | D:5      | Entered Level 5 of the Dungeon
  2367 | D:5      | Gained mutation: You are mostly covered in sharp spines.
                  | [demonic ancestry]
  2367 | D:5      | Reached XP level 7. HP: 6/54 MP: 7/7
  2555 | D:5      | Noticed Blork the orc
  2869 | D:5      | Killed Blork the orc
  2940 | D:5      | Reached XP level 8. HP: 48/61 MP: 8/8
  3136 | D:5      | Found a staircase to the Ecumenical Temple.
  3147 | Temple   | Entered the Ecumenical Temple
  3820 | D:6      | Reached skill level 5 in Fighting
  4480 | D:6      | Found a blossoming altar of Fedhas.
  4564 | D:7      | Gained mutation: You have a tail ending in a sharp stinger.
                  | [demonic ancestry]
  4564 | D:7      | Reached XP level 9. HP: 68/68 MP: 9/9
  4593 | D:7      | Found a sparkling altar of Nemelex Xobeh.
  4661 | D:7      | Found Mumohai's General Store.
  4686 | D:7      | Noticed a two-headed ogre
  4901 | D:7      | Noticed a troll
  4985 | D:7      | Found a transporter.
  4985 | D:7      | Found a transporter.
  4985 | D:7      | Noticed a two-headed ogre
  4985 | D:7      | Found the +3 pair of gauntlets of War {Slay+5}
  5028 | D:7      | Reached skill level 10 in Axes
  5422 | D:7      | Killed a two-headed ogre
  5423 | D:7      | Reached skill level 5 in Dodging
  5778 | D:8      | Found a snail-covered altar of Cheibriados.
  5810 | D:8      | Found a viscous altar of Jiyva.
  5893 | D:8      | Gained mutation: You are completely covered in sharp
                  | spines. [demonic ancestry]
  5893 | D:8      | Reached XP level 10. HP: 76/76 MP: 10/10
  6129 | D:8      | Found a sacrificial altar of Ru.
  6346 | D:8      | Found a basalt altar of Yredelemnul.
  6510 | D:8      | Found a transporter.
  6518 | D:8      | Found a transporter.
  7004 | D:9      | Identified the ring "Folev" {Fly Str+3 Stlth+}
  7184 | D:9      | Noticed Erica
  7201 | D:9      | Killed Erica
  7259 | D:9      | Found a shimmering altar of Xom.
  7259 | D:9      | Found a shimmering altar of Xom.
  7259 | D:9      | Found a shimmering altar of Xom.
  7260 | D:9      | Found a shimmering altar of Xom.
  7260 | D:9      | Found a shimmering altar of Xom.
  7268 | D:9      | Found a shimmering altar of Xom.
  7296 | D:9      | Found a shadowy altar of Dithmenos.
  7312 | D:9      | Found a shimmering altar of Xom.
  7442 | D:9      | Noticed Grum
  7454 | D:9      | Killed Grum
  7569 | D:10     | Entered Level 10 of the Dungeon
  7569 | D:10     | Found Ossu's Armour Shoppe.
  7575 | D:10     | Noticed Maurice
  7642 | D:10     | Found a portal to a secret trove of treasure.
  7718 | D:10     | Found a bloodstained altar of Trog.
  7742 | D:10     | Reached XP level 11. HP: 67/84 MP: 11/11
  7744 | D:10     | Killed Maurice
  7841 | D:10     | Noticed Joseph
  7854 | D:10     | Killed Joseph
  7874 | D:10     | Found Rapsath's Distillery.
  7912 | D:10     | Found Kouse's Magic Scroll Shoppe.
  7920 | D:10     | Noticed Psyche
  7956 | D:10     | Killed Psyche
  8004 | D:10     | Found Extor's Jewellery Emporium.
  8007 | D:10     | Found a burning altar of Makhleb.
  8271 | D:3      | Bought a scroll of acquirement for 520 gold pieces
  8273 | D:3      | Acquired the ring "Riaxitt" {rF- rC++ Will+ rCorr Stlth+}
  8502 | D:7      | Killed a two-headed ogre
  9443 | D:11     | Noticed Harold
  9460 | D:11     | Killed Harold
  9508 | D:11     | Found a staircase to the Lair.
  9544 | D:11     | Found a runed translucent gate.
  9544 | D:11     | Found a runed translucent gate.
  9544 | D:11     | Found a runed translucent gate.
  9544 | D:11     | Noticed Melkor's ghost (journeyman MiGl)
  9546 | D:11     | Found a basalt altar of Yredelemnul.
  9942 | D:11     | Found a staircase to the Orcish Mines.
  9981 | D:11     | Noticed a two-headed ogre
  9989 | D:11     | Killed a two-headed ogre
  9990 | D:11     | Reached skill level 5 in Armour
 10094 | D:12     | Noticed a boulder beetle
 10095 | D:12     | Gained mutation: A meltable icy envelope protects you from
                  | harm. (AC +8) [demonic ancestry]
 10095 | D:12     | Reached XP level 12. HP: 78/94 MP: 12/12
 10111 | D:12     | Killed a boulder beetle
 10122 | D:12     | Noticed a centaur warrior
 10328 | D:12     | Noticed a two-headed ogre
 10336 | D:12     | Killed a two-headed ogre
 10397 | D:12     | Noticed a boulder beetle
 10474 | D:12     | Killed a centaur warrior
 10503 | D:12     | Found a large runed translucent door.
 10503 | D:12     | Noticed a boulder beetle
 10530 | D:12     | Killed a boulder beetle
 10541 | D:12     | Killed a boulder beetle
 11113 | D:12     | Found a large runed translucent door.
 11113 | D:12     | Found a large runed translucent door.
 11117 | D:12     | Noticed an eight-headed hydra
 11126 | D:12     | Noticed a boulder beetle
 11134 | D:12     | Reached skill level 15 in Axes
 11159 | D:12     | Killed a boulder beetle
 11274 | D:12     | Found a large runed translucent door.
 11327 | D:12     | Noticed a tengu warrior
 11332 | D:12     | Killed a tengu warrior
 11441 | D:13     | Found Hajasi's Distillery.
 11505 | D:13     | Noticed a tengu warrior
 11525 | D:12     | Killed a tengu warrior
 11526 | D:12     | Reached skill level 10 in Fighting
 11663 | D:13     | Noticed a boulder beetle
 11707 | D:13     | Killed a boulder beetle
 12063 | D:13     | Noticed a centaur warrior
 12063 | D:13     | Noticed a vault guard
 12076 | D:13     | Killed a centaur warrior
 12076 | D:13     | Noticed a vault guard
 12097 | D:13     | Noticed a five-headed hydra
 12382 | Lair:1   | Entered Level 1 of the Lair of Beasts
 12447 | Lair:1   | Reached XP level 13. HP: 76/105 MP: 13/13
 12956 | Lair:1   | Identified the +0 trident of Fagaen {flame, rC+}
 12990 | Lair:1   | Identified the +8 flail "Worm's Wrath" {venom, Dex+2}
 13344 | Lair:2   | Found a hole to the Spider Nest.
 13646 | Lair:2   | Found a one-way gate to the infinite horrors of the Abyss.
 13646 | Lair:2   | Noticed Panino's ghost (journeyman DrTm)
 13647 | Lair:2   | Found a transporter.
 13813 | Lair:2   | Noticed Urug
 13843 | Lair:2   | Killed Urug
 13902 | Lair:2   | Found a transporter.
 14173 | Lair:3   | Found a staircase to the Swamp.
 14426 | Lair:3   | Reached skill level 10 in Dodging
 14700 | Lair:4   | Found a transporter.
 14874 | Lair:4   | Identified the +10 long sword of Weakoph {flame, Str+3}
 15329 | Lair:4   | Found a transporter.
 15350 | Lair:4   | Identified the +1 cloak of the New World {+Inv Int+3
                  | Slay+2}
 15350 | Lair:4   | HP: 5/109 [poison (dark miasma)]
 15355 | Lair:4   | Identified the ring of Greed {rF+ rN++ AC+4}
 15571 | Lair:5   | Entered Level 5 of the Lair of Beasts
 16447 | D:10     | Bought a +2 helmet of see invisible for 344 gold pieces
 17049 | Orc:1    | Entered Level 1 of the Orcish Mines
 17176 | Orc:2    | Entered Level 2 of the Orcish Mines
 17178 | Orc:2    | Noticed an orc warlord
 17611 | Orc:2    | Found a staircase to the Elven Halls.
 17716 | Orc:2    | Found Nextebif's Antique Armour Shop.
 18078 | Orc:2    | Gained mutation: A meltable icy envelope protects you from
                  | harm. (AC +8) [demonic ancestry]
 18078 | Orc:2    | Reached XP level 14. HP: 116/118 MP: 14/14
 18785 | Orc:2    | Found Kyon's Armour Boutique.
 18785 | Orc:2    | Found Zazasm's Armour Boutique.
 18786 | Orc:2    | Found Seuhun's Assorted Antiques.
 18786 | Orc:2    | Found Pufaphir's General Store.
 18913 | Orc:1    | Killed an orc warlord
 20143 | D:13     | Found a gate to the Vaults.
 20477 | D:14     | Found a frozen archway.
 20517 | IceCv    | Entered an ice cave
 21042 | IceCv    | Noticed a white very ugly thing
 21055 | IceCv    | Killed a white very ugly thing
 21056 | IceCv    | Reached skill level 15 in Fighting
 21285 | IceCv    | Noticed a white very ugly thing
 21289 | IceCv    | Reached XP level 15. HP: 124/129 MP: 1/15
 21484 | D:14     | Identified the +6 mace of a Billion Ziggurats {vamp, Will++
                  | MP-9 Str-3 Int+3}
 21493 | D:14     | Found an ornate altar of the Wu Jian Council.
 21974 | D:15     | Entered Level 15 of the Dungeon
 22006 | D:15     | Found Metseat's General Store.
 22016 | D:15     | Bought a scroll of enchant weapon for 127 gold pieces
 22083 | D:15     | Found a blossoming altar of Fedhas.
 22252 | D:15     | Reached skill level 1 in Shields
 22454 | D:15     | Noticed Nessos
 22598 | D:15     | Reached skill level 2 in Shields
 22999 | D:10     | You paid a toll of +2 fire dragon scales to enter a
                  | treasure trove
 23000 | Trove    | Entered a treasure trove
 23201 | D:11     | Killed Melkor's ghost
 23375 | D:15     | Bought a potion of might for 68 gold pieces
 23554 | D:15     | Reached skill level 3 in Shields
 23669 | D:15     | Found a staircase to the Depths.
 24075 | Spider:1 | Entered Level 1 of the Spider Nest
 24104 | Spider:1 | Noticed Jorgrun
 24123 | Spider:1 | Killed Jorgrun
 24571 | Spider:1 | Reached skill level 4 in Shields
 25544 | Spider:2 | Reached skill level 5 in Shields
 25783 | Spider:2 | Gained mutation: You are partially covered in yellow
                  | scales. (AC +2) [demonic ancestry]
 25783 | Spider:2 | Reached XP level 16. HP: 99/139 MP: 0/16
 26770 | Spider:3 | Reached skill level 6 in Shields
 27544 | Spider:3 | Reached skill level 7 in Shields
 27654 | Spider:3 | Noticed Asterion
 27761 | Spider:3 | Killed Asterion
 27907 | Spider:4 | Entered Level 4 of the Spider Nest
 28488 | Spider:4 | Noticed Nikola
 28498 | Spider:4 | Killed Nikola
 28499 | Spider:4 | Reached skill level 8 in Shields
 29554 | Spider:4 | Reached skill level 10 in Armour
 30082 | Spider:4 | Reached XP level 17. HP: 149/149 MP: 15/17
 30268 | Spider:4 | Reached skill level 9 in Shields
 30539 | Spider:4 | Got a gossamer rune of Zot
 30902 | Swamp:1  | Entered Level 1 of the Swamp
 31903 | Swamp:1  | Reached skill level 10 in Shields
 33629 | Swamp:3  | Identified the -1 pair of gloves "Niytyjip" {Will+ Regen+
                  | Str-4 Int+6}
 33870 | Swamp:4  | Entered Level 4 of the Swamp
 34030 | Swamp:4  | Reached skill level 11 in Shields
 35180 | Swamp:4  | Reached XP level 18. HP: 140/159 MP: 15/18
 35638 | Swamp:4  | Got a decaying rune of Zot
 35896 | Lair:2   | Killed Panino's ghost
 36317 | Orc:2    | Bought a runed kite shield for 255 gold pieces
 36411 | Orc:2    | Bought a scroll of teleportation for 99 gold pieces
 36411 | Orc:2    | Bought 2 potions of resistance for 660 gold pieces
 36411 | Orc:2    | Bought a potion of berserk rage for 165 gold pieces
 36623 | D:13     | Bought a potion of haste for 130 gold pieces
 36623 | D:13     | Bought a potion of curing for 39 gold pieces
 36623 | D:13     | Bought a potion of curing for 39 gold pieces
 36623 | D:13     | Bought 2 potions of might for 104 gold pieces
 36681 | Vaults:1 | Entered Level 1 of the Vaults
 36774 | Vaults:1 | Found a flickering gateway to a bazaar.
 36788 | Vaults:1 | Reached skill level 12 in Shields
 36797 | Bazaar   | Entered a bazaar
 36797 | Bazaar   | Found Wuikhili's Weapon Boutique.
 36797 | Bazaar   | Found Meopsi's General Store.
 36797 | Bazaar   | Found Vaucran's Jewellery Shop.
 36797 | Bazaar   | Found Huenk's Antique Weapon Shoppe.
 36886 | Bazaar   | Found Piadwij's Antique Armour Emporium.
 36934 | Bazaar   | Bought a scroll of enchant weapon for 90 gold pieces
 36934 | Bazaar   | Bought a scroll of acquirement for 624 gold pieces
 36948 | Bazaar   | Acquired 1291 gold pieces
 37060 | Vaults:1 | Noticed Sojobo
 37063 | Vaults:1 | Noticed Agnes
 37074 | Vaults:1 | Killed Agnes
 37085 | Vaults:1 | Killed Sojobo
 37694 | Vaults:1 | You fall into a shaft and drop 1 floor!
 38086 | Vaults:2 | Reached skill level 13 in Shields
 39338 | Vaults:1 | Reached skill level 14 in Shields
 39391 | Vaults:1 | Identified the +1 scale mail of Tirchad {rC+ rN+ Regen+
                  | Int-5}
 39498 | Vaults:1 | Reached XP level 19. HP: 141/167 MP: 19/19
 40052 | Vaults:1 | Noticed Donald
 40067 | Vaults:1 | Killed Donald
 40464 | Vaults:2 | Found a staircase to the Crypt.
 40807 | Vaults:2 | Found a transporter.
 40847 | Vaults:2 | Found a transporter.
 40917 | Vaults:2 | Paralysed by a floating eye for 2 turns
 41401 | Abyss:2  | Cast into level 2 of the Abyss (a wizard)
 41420 | Abyss:2  | Found a corrupted altar of Lugonu.
 41428 | Abyss:2  | Became a worshipper of Lugonu the Unformed
 41428 | Abyss:2  | Reached * piety under Lugonu
 41428 | Abyss:2  | Reached ** piety under Lugonu
 41428 | Abyss:2  | Reached *** piety under Lugonu
 41581 | Abyss:2  | Gained mutation: You are dopey. (Int -2) [a shining eye]
 41583 | Abyss:2  | Gained mutation: You are clumsy. (Dex -2) [a shining eye]
 41584 | Abyss:2  | Gained mutation: You sometimes lose your temper in combat.
                  | [a shining eye]
 41587 | Abyss:2  | Gained mutation: You have large cloven feet. [a shining
                  | eye]
 41913 | Vaults:2 | Escaped the Abyss
 42557 | Vaults:3 | Found a runed translucent gate.
 42582 | Vaults:3 | Noticed Boris
 42601 | Vaults:3 | Killed Boris
 42602 | Vaults:3 | Reached skill level 1 in Invocations
 42764 | Vaults:3 | Identified the +1 spear "elgoggo's Foe" {spect, rC+ MP+9}
 42770 | Vaults:3 | Identified the +7 chain mail "Zuiph" {Dex+5}
 43002 | Vaults:3 | Reached **** piety under Lugonu
 43027 | Vaults:3 | Found a runed translucent gate.
 43027 | Vaults:3 | Found a runed translucent gate.
 43027 | Vaults:3 | Noticed Synox's ghost (legendary FoFi)
 43028 | Vaults:3 | Identified the +2 leather armour "Guciecka" {rElec rC+
                  | Int+3}
 43170 | Vaults:3 | Identified the +0 battleaxe of Lies {freeze, rF++ Dex-2
                  | Stlth+}
 43263 | Vaults:3 | Reached XP level 20. HP: 173/180 MP: 22/22
 44369 | Vaults:4 | Reached skill level 5 in Invocations
 44398 | Vaults:4 | Lost mutation: You have large cloven feet. [potion of
                  | mutation]
 44398 | Vaults:4 | Lost mutation: You are clumsy. (Dex -2) [potion of
                  | mutation]
 44398 | Vaults:4 | Gained mutation: You are weak. (Str -2) [potion of
                  | mutation]
 44398 | Vaults:4 | Gained mutation: You expend magic power (3 MP) to
                  | strengthen your wands. [potion of mutation]
 44399 | Vaults:4 | Lost mutation: You expend magic power (3 MP) to strengthen
                  | your wands. [potion of mutation]
 44399 | Vaults:4 | Lost mutation: You are dopey. (Int -2) [potion of mutation]
 44399 | Vaults:4 | Gained mutation: Armour fits poorly on your strangely
                  | shaped body. [potion of mutation]
 44399 | Vaults:4 | Gained mutation: You have hidden genetic potential. [potion
                  | of mutation]
 44400 | Vaults:4 | Lost mutation: Armour fits poorly on your strangely shaped
                  | body. [potion of mutation]
 44400 | Vaults:4 | Lost mutation: You sometimes lose your temper in combat.
                  | [potion of mutation]
 44400 | Vaults:4 | Lost mutation: You have hidden genetic potential. [potion
                  | of mutation]
 44400 | Vaults:4 | Gained mutation: You occasionally lose the ability to drink
                  | potions when taking damage. [potion of mutation]
 44401 | Vaults:4 | Lost mutation: You occasionally lose the ability to drink
                  | potions when taking damage. [potion of mutation]
 44401 | Vaults:4 | Lost mutation: You are weak. (Str -2) [potion of mutation]
 44401 | Vaults:4 | Gained mutation: You are clumsy. (Dex -2) [potion of
                  | mutation]
 44511 | Vaults:4 | Got the Notes on the Sickening Oath
 44588 | Vaults:4 | Reached skill level 1 in Throwing
 44657 | Vaults:4 | Reached ***** piety under Lugonu
 45101 | Vaults:5 | Entered Level 5 of the Vaults
 45109 | Vaults:5 | Noticed a dread lich
 45113 | Vaults:5 | Killed a dread lich
 45122 | Vaults:5 | Noticed a golden dragon
 45131 | Vaults:5 | Got a silver rune of Zot
 45419 | Vaults:5 | Identified the ring "Hethrer" {+Blink AC+4}
 45487 | Vaults:5 | Reached skill level 5 in Throwing
 45493 | Vaults:5 | Identified the ring "Rewue" {+Blink SInv}
 45883 | Vaults:5 | Identified the staff of fire "Lolum" {rF+ rC+ Str+3 Int+3}
 46676 | Vaults:5 | Gained mutation: You punish those that try to bend your
                  | will. (Will+) [demonic ancestry]
 46676 | Vaults:5 | Reached XP level 21. HP: 190/190 MP: 24/24
 46906 | Vaults:5 | Identified the +2 dagger of the Sea {heavy, rElec Str-3
                  | SInv}
 47542 | Vaults:5 | Reached ****** piety under Lugonu
 47909 | Vaults:5 | Noticed a golden dragon
 48090 | Vaults:5 | Killed a golden dragon
 48466 | Vaults:5 | Killed a golden dragon
 49010 | Vaults:3 | Found an iron altar of Okawaru.
 49274 | Crypt:1  | Entered Level 1 of the Crypt
 49938 | Crypt:1  | Identified the +0 helmet of the Camelopard {rN+ Will+
                  | Stlth+}
 50283 | Crypt:2  | Noticed Zenata
 50283 | Crypt:2  | Noticed Jory
 50587 | Crypt:1  | Reached skill level 15 in Shields
 50646 | Crypt:1  | Gained mutation: You have a sharp stinger which inflicts
                  | weakening toxins. [demonic ancestry]
 50646 | Crypt:1  | Reached XP level 22. HP: 166/200 MP: 25/25
 50734 | Crypt:1  | Identified the +10 spear of the Devouring Queen {spect,
                  | *Noise Fragile rN+++ SInv}
 50887 | Crypt:2  | Noticed Bai Suzhen
 51666 | Crypt:2  | Killed Jory
 51831 | Crypt:2  | Killed Zenata
 51884 | Crypt:2  | Noticed Boris
 51885 | Crypt:2  | Killed Bai Suzhen
 51908 | Crypt:2  | Killed Boris
 52364 | Crypt:3  | Entered Level 3 of the Crypt
 52712 | Crypt:3  | Identified the ring "Benarch" {rC+ rN+ MP+9}
 52814 | Crypt:3  | Found a staircase to the Tomb.
 52876 | Crypt:3  | Found the +8 autumn katana {manifold assault}
 52906 | Crypt:3  | Reached skill level 16 in Shields
 53168 | Crypt:3  | Identified the +4 scale mail of the Eternal Void {Dex+3}
 53287 | Crypt:3  | Noticed a dread lich
 53394 | Crypt:3  | Noticed an ancient lich
 53394 | Crypt:3  | Noticed an ancient lich
 53458 | Crypt:3  | Killed an ancient lich
 53513 | Crypt:3  | Killed a dread lich
 53518 | Crypt:3  | Killed an ancient lich
 53574 | Crypt:3  | Got the Annotations on Bodies
 53578 | Crypt:3  | Identified the staff of cold "Ses Ytyf" {rF+ rC+}
 53579 | Crypt:3  | Identified the ring of Ymyhiurph {Will+ Int+6}
 53581 | Crypt:3  | Identified the +7 broad axe "Raju" {venom, Contam Will-
                  | Int+8 SInv}
 53612 | Tomb:1   | Entered Level 1 of the Tomb of the Ancients
 54175 | Tomb:1   | Reached skill level 1 in Air Magic
 54182 | Tomb:1   | Reached skill level 1 in Spellcasting
 54628 | Tomb:1   | Noticed a royal mummy
 54657 | Tomb:1   | Killed a royal mummy
 54943 | Tomb:1   | Noticed a royal mummy
 55922 | Tomb:1   | Killed a royal mummy
 56102 | Tomb:1   | Noticed a royal mummy
 56772 | D:15     | Killed Nessos
 56879 | Depths:1 | Entered Level 1 of the Depths
 57454 | Depths:1 | Identified the ring "Bule" {rPois rF+ Will+ Str+6 Stlth+}
 57670 | Depths:1 | Found an opulent altar of Gozag.
 57766 | Depths:1 | Found Neng's Jewellery Shoppe.
 57766 | Depths:1 | Found Jimperoev's Book Boutique.
 57772 | Depths:1 | Reached skill level 5 in Air Magic
 57772 | Depths:1 | Found Kitani's Jewellery Shoppe.
 58000 | Depths:1 | Found an ancient bone altar of Kikubaaqudgha.
 58168 | Depths:1 | Noticed Mara
 58183 | Depths:1 | Noticed elgoggo's illusion
 58183 | Depths:1 | Killed Mara
 58184 | Depths:1 | Gained mutation: You are mostly covered in yellow scales.
                  | (AC +3) [demonic ancestry]
 58184 | Depths:1 | Reached XP level 23. HP: 193/209 MP: 27/29
 58959 | Depths:2 | Found a one-way gate leading to the halls of Pandemonium.
 59008 | Depths:2 | Reached skill level 5 in Spellcasting
 59118 | Depths:2 | Found a one-way gateway to a ziggurat.
 59142 | Depths:2 | Found an iron altar of Okawaru.
 59606 | Depths:2 | Found a gateway to Hell.
 60268 | Depths:2 | Paralysed by a floating eye for 4 turns
 60274 | Depths:2 | Paralysed by a floating eye for 3 turns
 60294 | Depths:2 | Paralysed by a floating eye for 3 turns
 60306 | Depths:2 | Paralysed by a floating eye for 3 turns
 60311 | Depths:2 | Paralysed by a floating eye for 3 turns
 60316 | Depths:2 | Paralysed by a floating eye for 3 turns
 60946 | Depths:3 | Noticed Louise
 60954 | Depths:3 | Noticed Frederick
 61029 | Depths:3 | Killed Frederick
 61171 | Depths:3 | Killed Louise
 61561 | Depths:4 | Entered Level 4 of the Depths
 61565 | Depths:4 | Reached skill level 10 in Air Magic
 62122 | Depths:4 | Found a gate to the Realm of Zot.
 62500 | Depths:4 | Reached skill level 15 in Dodging
 63675 | Depths:3 | Reached skill level 10 in Invocations
 64209 | Depths:3 | Gained mutation: You are resistant to unholy torment.
                  | [demonic ancestry]
 64209 | Depths:3 | Reached XP level 24. HP: 171/210 MP: 30/30
 64340 | Depths:3 | Identified the +0 robe "Jaocri" {Dex+3}
 64478 | Depths:3 | Reached skill level 15 in Armour
 64888 | D:15     | Bought a potion of berserk rage for 85 gold pieces
 64888 | D:15     | Bought a scroll of magic mapping for 127 gold pieces
 65419 | Elf:1    | Entered Level 1 of the Elven Halls
 65494 | Elf:1    | Found a crumbling gateway.
 65553 | Desolati | Entered the Desolation of Salt
 65918 | Desolati | Identified the ring of Fimee {MP+9 Str+3}
 65934 | Desolati | Found the brooch of Shielding {Spirit SH+8}
 65939 | Desolati | Identified the +0 ring mail of the Alphagorgon {Rampage
                  | Drain rF+++ MP-9}
 66390 | Desolati | Got the Quarto of Doom and Permutations
 66393 | Desolati | Identified the ring "Vymiustra" {Ice rElec rPois}
 66403 | Desolati | Got Ereshkigal's Octavo of Mortuary Conjury
 66677 | Desolati | Identified the amulet of Xousug {Faith Harm}
 66681 | Desolati | Identified the ring of Megalomania {Str+3 Slay+4}
 67132 | Elf:1    | Got the Elucidation of the Cemetery
 67582 | Elf:2    | Found a radiant altar of Vehumet.
 67821 | Elf:2    | Identified the +1 robe of Pantheism {Fly rPois rF+++
                  | Slay-5}
 67928 | Elf:2    | Found a runed translucent gate.
 67929 | Elf:2    | Found a runed translucent gate.
 67929 | Elf:2    | Found a runed translucent gate.
 68399 | Elf:3    | Entered Level 3 of the Elven Halls
 68849 | Elf:3    | Found a runed translucent door.
 68849 | Elf:3    | Found a shimmering altar of Xom.
 68849 | Elf:3    | Noticed NitroKuite's ghost (adept TrFi)
 68849 | Elf:3    | Identified the +5 great sword "Ruid" {chaos, rN+ MP-9
                  | Str+2}
 68875 | Elf:3    | Killed NitroKuite's ghost
 69133 | Elf:3    | Found Jiodoargh's Magic Scroll Shoppe.
 69143 | Elf:3    | Bought a scroll of teleportation for 45 gold pieces
 69143 | Elf:3    | Bought a scroll of enchant weapon for 112 gold pieces
 69143 | Elf:3    | Bought a scroll of enchant armour for 112 gold pieces
 70462 | Elf:3    | Noticed Saint Roka
 70487 | Elf:3    | Killed Saint Roka
 70488 | Elf:3    | Gained mutation: You are completely covered in yellow
                  | scales. (AC +4, rCorr) [demonic ancestry]
 70488 | Elf:3    | Reached XP level 25. HP: 194/222 MP: 29/31
 70707 | Elf:3    | Identified the +0 ring mail "Huphint" {SInv}
 70826 | Elf:3    | Identified the +6 morningstar "Geameul" {freeze, rC+ rCorr
                  | Str+3 Int-5}
 70844 | Elf:3    | Identified the staff of fire "Kaajoteh" {rF+ rC- rN+++
                  | Will- Stlth+}
 71380 | Lair:5   | Found a staircase to the Slime Pits.
 71822 | Lair:5   | Found a viscous altar of Jiyva.
 71992 | Lair:5   | Found a runed translucent door.
 72095 | Slime:1  | Entered Level 1 of the Pits of Slime
 72319 | Slime:2  | Reached skill level 17 in Shields
 73081 | Slime:3  | Found a viscous altar of Jiyva.
 74112 | Slime:5  | Entered Level 5 of the Pits of Slime
 74453 | Slime:5  | Gained mutation: You have hidden genetic defects. [a
                  | shining eye]
 74460 | Slime:5  | Gained mutation: You occasionally shout uncontrollably at
                  | your foes. [a shining eye]
 75178 | Slime:5  | Learned a level 3 spell: Swiftness
 75332 | Slime:5  | Noticed the Royal Jelly
 75349 | Slime:5  | Killed the Royal Jelly
 75596 | Slime:5  | Identified the staff of death "Rudwoecw" {Fragile rN+ Str-2
                  | SInv Stlth+}
 75607 | Slime:5  | Got a slimy rune of Zot
 75608 | Slime:5  | Identified the +8 sling "Reemoco" {flame, rC+ rCorr MP+9}
 75622 | Slime:5  | Identified the +5 war axe "Cuix" {freeze, rC+}
 75641 | Slime:5  | Identified the +3 buckler of Sotimec {Rampage Will+ rCorr}
 75642 | Slime:5  | Identified the ring of Qalameuri {Ice rPois Str+4 Int+2}
 75676 | Slime:5  | Got the Catalogue of Hail
 75686 | Slime:5  | Identified the ring "Visimoph" {rF+ rCorr Int+4 Slay+3}
 76455 | Depths:3 | Voluntarily entered the Abyss.
 76530 | Abyss:5  | Got an abyssal rune of Zot
 76595 | Depths:3 | Escaped the Abyss
 76668 | Zot:1    | Entered Level 1 of the Realm of Zot
 76774 | Zot:1    | Gained mutation: You frequently scream uncontrollably at
                  | your foes. [hidden defects]
 76815 | Zot:1    | Reached skill level 18 in Shields
 77788 | Zot:1    | Reached XP level 26. HP: 225/231 MP: 31/31
 77818 | Zot:1    | Noticed an orb of fire
 77829 | Zot:1    | HP: 10/231 [orb of fire/fireball (85)]
 77829 | Zot:1    | HP: 3/231 [orb of fire (7)]
 78682 | Tomb:1   | Killed a royal mummy
 79323 | Tomb:1   | Identified the +5 sling "Nuhosum" {flame, rF- Int+7}
 79593 | Vaults:2 | Gained mutation: Your magical capacity is low. (-10% MP)
                  | [hidden defects]
 79593 | Vaults:2 | Lost mutation: You have hidden genetic defects. [hidden
                  | defects expressed]
 79880 | Pan      | Entered Pandemonium
 80047 | Pan      | Noticed Yrchoses the pandemonium lord
 80679 | Pan      | Gained mutation: You are weak. (Str -2) [a cacodemon]
 81350 | Pan      | Noticed Oleg the pandemonium lord
 81372 | Pan      | Killed Oleg the pandemonium lord
 81458 | Pan      | Identified the +0 plate armour of True Grit {Str+3 Stlth+}
 81994 | Pan      | Reached skill level 19 in Shields
 82031 | Pan      | Noticed Xeilub the pandemonium lord
 83157 | Pan      | Killed Xeilub the pandemonium lord
 83384 | Pan      | Identified the +7 fire dragon scales "Rasm" {rElec rF++ rC-
                  | Slay+3}
 83469 | Pan      | Noticed Ignacio
 83531 | Pan      | Found an exit through the horrors of the Abyss.
 83626 | Pan      | Gained mutation: You have hidden genetic defects. [a
                  | neqoxec]
 83640 | Pan      | Gained mutation: Your magical capacity is very low. (-20%
                  | MP) [a neqoxec]
 83653 | Pan      | Noticed Wifaezileum the pandemonium lord
 83668 | Pan      | Killed Wifaezileum the pandemonium lord
 83672 | Pan      | Gained mutation: You are very weak. (Str -4) [a neqoxec]
 83673 | Pan      | Gained mutation: You occasionally lose the ability to read
                  | scrolls when taking damage. [a neqoxec]
 84048 | Pan      | Noticed Ignacio
 84573 | Pan      | Gained mutation: You are very clumsy. (Dex -4) [a
                  | cacodemon]
 85077 | Pan      | Found an exit through the horrors of the Abyss.
 85102 | Pan      | Killed Ignacio
 85112 | Pan      | Gained mutation: Armour fits poorly on your strangely
                  | shaped body. [hidden defects]
 85398 | Pan      | Noticed Foka the pandemonium lord
 85418 | Pan      | Killed Foka the pandemonium lord
 85419 | Pan      | Gained mutation: You can hurl damnation. [demonic ancestry]
 85419 | Pan      | Reached XP level 27. HP: 138/238 MP: 7/28
 85499 | Pan      | Gained mutation: You occasionally lose the ability to drink
                  | potions when taking damage. [a neqoxec]
 85636 | Depths:2 | Escaped Pandemonium
 85652 | Depths:2 | Lost mutation: You frequently scream uncontrollably at your
                  | foes. [potion of mutation]
 85652 | Depths:2 | Lost mutation: You are very weak. (Str -4) [potion of
                  | mutation]
 85661 | Depths:2 | Learned a level 5 spell: Silence
 85663 | Depths:2 | Lost mutation: You have hidden genetic defects. [potion of
                  | mutation]
 85663 | Depths:2 | Lost mutation: You occasionally lose the ability to drink
                  | potions when taking damage. [potion of mutation]
 85663 | Depths:2 | Lost mutation: Armour fits poorly on your strangely shaped
                  | body. [potion of mutation]
 85663 | Depths:2 | Gained mutation: You are covered in fur. (AC +1) [potion of
                  | mutation]
 85663 | Depths:2 | Gained mutation: You have large cloven feet. [potion of
                  | mutation]
 85664 | Depths:2 | Lost mutation: You occasionally lose the ability to read
                  | scrolls when taking damage. [potion of mutation]
 85664 | Depths:2 | Lost mutation: You are weak. (Str -2) [potion of mutation]
 85664 | Depths:2 | Gained mutation: You are partially covered in large bone
                  | plates. (SH +4) [potion of mutation]
 85664 | Depths:2 | Gained mutation: You have hoof-like feet. [potion of
                  | mutation]
 85684 | Depths:2 | Paralysed by a floating eye for 2 turns
 85966 | Zot:2    | Reached skill level 1 in Hexes
 86520 | Zot:2    | Reached skill level 10 in Spellcasting
 87360 | Zot:3    | Reached skill level 5 in Hexes
 88871 | Zot:5    | Entered Level 5 of the Realm of Zot
 89892 | Zot:5    | Noticed an orb of fire
 90108 | Zot:5    | Noticed an orb of fire
 90108 | Zot:5    | Gained mutation: Your body sometimes deteriorates upon
                  | taking damage. [an orb of fire]
 90109 | Zot:5    | Gained mutation: You do not regenerate when monsters are
                  | visible. [an orb of fire]
 90411 | Zot:5    | Killed an orb of fire
 90483 | Zot:5    | Noticed an orb of fire
 90485 | Zot:5    | Gained mutation: Your magical capacity is extremely low.
                  | (-30% MP) [an orb of fire]
 90487 | Zot:5    | Gained mutation: Potions are less effective at restoring
                  | your health. [an orb of fire]
 90488 | Zot:5    | Gained mutation: You are weak. (Str -2) [an orb of fire]
 90496 | Zot:5    | Killed an orb of fire
 90496 | Zot:5    | Noticed an orb of fire
 90607 | Zot:5    | Killed an orb of fire
 90613 | Zot:5    | Gained mutation: Your spells are a little easier to cast,
                  | but a little less powerful. [an orb of fire]
 90622 | Zot:5    | Killed an orb of fire
 90623 | Zot:5    | Reached skill level 20 in Shields
 90704 | Zot:5    | Lost mutation: You are partially covered in large bone
                  | plates. (SH +4) [potion of mutation]
 90704 | Zot:5    | Lost mutation: Your body sometimes deteriorates upon taking
                  | damage. [potion of mutation]
 90704 | Zot:5    | Lost mutation: You do not regenerate when monsters are
                  | visible. [potion of mutation]
 90704 | Zot:5    | Lost mutation: Potions are less effective at restoring your
                  | health. [potion of mutation]
 90933 | Zot:5    | Noticed a dread lich
 90935 | Zot:5    | Noticed an ancient lich
 91399 | Zot:4    | Killed a dread lich
 91431 | Zot:5    | Killed an ancient lich
 91506 | Zot:5    | Noticed an orb of fire
 91507 | Zot:5    | Gained mutation: Armour fits poorly on your strangely
                  | shaped body. [an orb of fire]
 91516 | Zot:5    | Noticed an orb of fire
 91517 | Zot:5    | Killed an orb of fire
 91525 | Zot:5    | Killed an orb of fire
 91635 | Zot:5    | Noticed a dread lich
 91644 | Zot:5    | Killed a dread lich
 91779 | Zot:5    | Noticed an orb of fire
 91792 | Zot:5    | Noticed an orb of fire
 91799 | Zot:5    | Gained mutation: You do not regenerate when monsters are
                  | visible. [an orb of fire]
 91802 | Zot:5    | Killed an orb of fire
 91809 | Zot:5    | Gained mutation: You are occasionally teleported next to
                  | monsters. [an orb of fire]
 91816 | Zot:5    | Killed an orb of fire
 91817 | Zot:5    | Reached skill level 21 in Shields
 92080 | Zot:5    | Noticed an orb of fire
 92088 | Zot:5    | Gained mutation: You have hidden genetic defects. [an orb
                  | of fire]
 92223 | Zot:4    | Lost mutation: You occasionally shout uncontrollably at
                  | your foes. [potion of mutation]
 92223 | Zot:4    | Lost mutation: Your spells are a little easier to cast, but
                  | a little less powerful. [potion of mutation]
 92223 | Zot:4    | Lost mutation: Your magical capacity is extremely low.
                  | (-30% MP) [potion of mutation]
 92223 | Zot:4    | Lost mutation: You are weak. (Str -2) [potion of mutation]
 92223 | Zot:4    | Gained mutation: You are strong-willed. (Will+) [potion of
                  | mutation]
 92224 | Zot:4    | Lost mutation: You are strong-willed. (Will+) [potion of
                  | mutation]
 92224 | Zot:4    | Lost mutation: You are occasionally teleported next to
                  | monsters. [potion of mutation]
 92224 | Zot:4    | Gained mutation: You occasionally shout uncontrollably at
                  | your foes. [potion of mutation]
 92224 | Zot:4    | Gained mutation: You are covered in thick fur. (AC +2)
                  | [potion of mutation]
 92535 | Zot:5    | Gained mutation: You occasionally lose the ability to read
                  | scrolls when taking damage. [an orb of fire]
 92540 | Zot:5    | Killed an orb of fire
 93084 | Hell     | Entered the Vestibule of Hell
 93084 | Hell     | Noticed Geryon
 93098 | Hell     | Killed Geryon
 93187 | Hell     | Learned a level 4 spell: Airstrike
 93474 | Hell     | Gained mutation: Your magical capacity is extremely low.
                  | (-30% MP) [a cacodemon]
 93491 | Hell     | Gained mutation: Your body sometimes deteriorates upon
                  | taking damage. [hidden defects]
 93541 | Hell     | Found a gateway to the freezing wastes of Cocytus.
 93796 | Hell     | Found a gateway to the Iron City of Dis.
 93924 | Hell     | Found a gateway to the decaying netherworld of Tartarus.
 94009 | Hell     | Found a gateway to the ashen valley of Gehenna.
 94026 | Geh:1    | Entered Level 1 of Gehenna
 94041 | Geh:1    | Reached skill level 1 in Evocations
 94347 | Geh:2    | Lost mutation: Armour fits poorly on your strangely shaped
                  | body. [potion of mutation]
 94347 | Geh:2    | Lost mutation: You occasionally lose the ability to read
                  | scrolls when taking damage. [potion of mutation]
 94347 | Geh:2    | Lost mutation: Your magical capacity is extremely low.
                  | (-30% MP) [potion of mutation]
 94347 | Geh:2    | Gained mutation: Your flesh is cold resistant. (rC+)
                  | [potion of mutation]
 94347 | Geh:2    | Lost mutation: You do not regenerate when monsters are
                  | visible. [potion of mutation]
 94347 | Geh:2    | Gained mutation: You possess an exceptional clarity of
                  | mind. [potion of mutation]
 94969 | Geh:3    | Reached skill level 22 in Shields
 95034 | Geh:3    | Gained mutation: You have terrible hidden genetic defects.
                  | [hidden defects]
 95034 | Geh:3    | Lost mutation: You have terrible hidden genetic defects.
                  | [hidden defects expressed]
 95169 | Geh:4    | Reached skill level 5 in Evocations
 95206 | Geh:4    | HP: 3/216 [Brimstone Fiend/damnation (48)]
 95206 | Geh:4    | HP: 1/216 [Brimstone Fiend (2)]
 95696 | Hell     | Lost mutation: Your magical capacity is very low. (-20% MP)
                  | [potion of mutation]
 95696 | Hell     | Lost mutation: You have hoof-like feet. [potion of
                  | mutation]
 95696 | Hell     | Gained mutation: You have supernaturally acute eyesight.
                  | (SInv) [potion of mutation]
 95696 | Hell     | Gained mutation: You expend magic power (3 MP) to
                  | strengthen your wands. [potion of mutation]
 96267 | Geh:7    | Entered Level 7 of Gehenna
 96744 | Geh:7    | Gained mutation: You have terrible hidden genetic defects.
                  | [hidden defects]
 99073 | Geh:7    | Found the +13 sceptre of Asmodeus
 99073 | Geh:7    | Noticed Asmodeus
 99096 | Geh:7    | Killed Asmodeus
 99097 | Geh:7    | Reached skill level 23 in Shields
 99319 | Geh:7    | Got an obsidian rune of Zot
 99603 | Tar:1    | Entered Level 1 of Tartarus
 99686 | Tar:1    | Lost mutation: You possess an exceptional clarity of mind.
                  | [hidden defects]
 99686 | Tar:1    | Lost mutation: You have terrible hidden genetic defects.
                  | [hidden defects expressed]
 99821 | Tar:2    | Noticed a dread lich
 99840 | Tar:2    | Killed a dread lich
 99934 | Tar:3    | HP: 10/245 [reaper/+1 scythe of protection[a doom hound]
                  | (9)]
 99939 | Tar:3    | HP: 7/245 [poison (dark miasma)]
 99949 | Tar:3    | HP: 10/245 [something[a doom hound] (4)]
 99953 | Tar:3    | HP: 2/245 [doom hound (7)]
 99977 | Tar:4    | You fall into a shaft and drop 2 floors!
 99982 | Tar:6    | Noticed an ancient lich
100001 | Tar:7    | Entered Level 7 of Tartarus
101110 | Tar:7    | Gained mutation: Your magical capacity is very low. (-20%
                  | MP) [hidden defects]
101410 | Tar:7    | Found the +5 robe of Misfortune {Harm *Corrode *Slow EV+5}
102410 | Zot:1    | Gained mutation: You sometimes lose your temper in combat.
                  | [an orb of fire]
102962 | Tar:3    | Reached skill level 24 in Shields
103986 | Tar:4    | Gained mutation: You occasionally lose the ability to drink
                  | potions when taking damage. [hidden defects]
103986 | Tar:4    | Lost mutation: You have hidden genetic defects. [hidden
                  | defects expressed]
105864 | Tar:7    | Noticed an ancient lich
105871 | Tar:7    | Killed an ancient lich
106150 | Tar:7    | Identified the ring "Eblitill" {Int+6 SInv}
106300 | Tar:7    | Reached skill level 25 in Shields
106723 | Tar:7    | Got the Guide on Topological Glaciation
106782 | Tar:7    | Noticed an ancient lich
106783 | Tar:7    | Noticed an ancient lich
106786 | Tar:7    | Found the +13 scythe of Curses {drain, curses, Drain}
106795 | Tar:7    | Killed an ancient lich
106798 | Tar:7    | Killed an ancient lich
107143 | Tar:7    | Noticed a dread lich
107169 | Tar:7    | Killed a dread lich
107488 | Tar:7    | Identified the ring "Juhost" {Fly rF+ rN+++ Dex+2}
108093 | Tar:7    | Identified the +2 fire dragon scales "Lokew" {rF++ rC-
                  | rCorr Int-3 Dex+4 SInv}
108098 | Tar:7    | Noticed Ereshkigal
108105 | Tar:7    | Paralysed by Ereshkigal for 4 turns
108128 | Tar:7    | Killed Ereshkigal
108378 | Tar:7    | Got a bone rune of Zot
108657 | Coc:1    | Entered Level 1 of Cocytus
108668 | Coc:1    | Reached skill level 26 in Shields
109034 | Pan      | Entered Pandemonium
109164 | Pan      | Gained mutation: You frequently scream uncontrollably at
                  | your foes. [a neqoxec]
109467 | Pan      | Noticed Ropal the pandemonium lord
109474 | Pan      | Killed Ropal the pandemonium lord
109865 | Pan      | Gained mutation: You occasionally lose the ability to read
                  | scrolls when taking damage. [a cacodemon]
110007 | Pan      | Got a demonic rune of Zot
111103 | Pan      | Noticed Dikhetiruq the pandemonium lord
111112 | Pan      | Killed Dikhetiruq the pandemonium lord
111224 | Pan      | Entered the realm of Cerebov.
111239 | Pan      | Acquired 443 gold pieces
111303 | Pan      | Reached skill level 10 in Hexes
111309 | Pan      | Reached skill level 27 in Shields
111469 | Pan      | Found an exit through the horrors of the Abyss.
111585 | Pan      | Found the +6 sword of Cerebov {flame}
111585 | Pan      | Noticed Cerebov
111990 | Pan      | Identified the +1 pearl dragon scales of the Tuna {rN+
                  | Will+ Int+3 Dex+2}
111991 | Pan      | Identified the +8 battleaxe of Luatol {heavy, rF++}
111992 | Pan      | Identified the +5 broad axe "Efredar" {drain, rC+ Int+3}
112020 | Pan      | Identified the staff of conjuration "Siukux" {rElec Str-4
                  | SInv}
112220 | Pan      | Identified the +0 ring mail of Xom's Fury {Contam rN+ rCorr
                  | SInv}
112316 | Pan      | Identified the ring "Cuhaz" {rF+ AC+4 Dex+4 Stlth+}
112486 | Pan      | Killed Cerebov
112612 | Pan      | Got a fiery rune of Zot
112670 | Pan      | Entered the realm of Lom Lobon.
112997 | Pan      | Found an exit through the horrors of the Abyss.
114501 | Pan      | Noticed Lom Lobon
115006 | Pan      | Killed Lom Lobon
115022 | Pan      | Got a magical rune of Zot
115200 | Pan      | Entered the realm of Mnoleg.
115703 | Pan      | Gained mutation: You sometimes lose the ability to read
                  | scrolls when taking damage. [a neqoxec]
115753 | Pan      | Gained mutation: Potions are less effective at restoring
                  | your health. [a shining eye]
115774 | Pan      | Gained mutation: Your magical capacity is extremely low.
                  | (-30% MP) [a neqoxec]
115774 | Pan      | Gained mutation: You are dopey. (Int -2) [a neqoxec]
115817 | Pan      | Gained mutation: You have hidden genetic defects. [a
                  | neqoxec]
115822 | Pan      | Gained mutation: You are frail. (-10% HP) [a neqoxec]
116029 | Pan      | Noticed Mnoleg
116063 | Pan      | Killed Mnoleg
116214 | Pan      | Lost mutation: You are very clumsy. (Dex -4) [a neqoxec]
116216 | Pan      | Gained mutation: Your body often deteriorates upon taking
                  | damage. [a neqoxec]
116232 | Pan      | Gained mutation: Armour fits poorly on your strangely
                  | shaped body. [a neqoxec]
116261 | Pan      | Got a glowing rune of Zot
116397 | Pan      | Noticed Narch the pandemonium lord
116403 | Pan      | Killed Narch the pandemonium lord
116440 | Pan      | Gained mutation: You are very frail. (-20% HP) [hidden
                  | defects]
116759 | Pan      | Lost mutation: You occasionally lose the ability to drink
                  | potions when taking damage. [potion of mutation]
116759 | Pan      | Lost mutation: Your magical capacity is extremely low.
                  | (-30% MP) [potion of mutation]
116759 | Pan      | Lost mutation: You sometimes lose your temper in combat.
                  | [potion of mutation]
116759 | Pan      | Lost mutation: You frequently scream uncontrollably at your
                  | foes. [potion of mutation]
116765 | Pan      | Found an exit through the horrors of the Abyss.
117034 | Pan      | Noticed Mennas
117043 | Pan      | Killed Mennas
117229 | Pan      | Found an exit through the horrors of the Abyss.
117363 | Pan      | Gained mutation: Your magical capacity is extremely low.
                  | (-30% MP) [a neqoxec]
117371 | Pan      | Noticed Lokhlaiga the pandemonium lord
117392 | Pan      | Killed Lokhlaiga the pandemonium lord
118106 | Pan      | Lost mutation: You occasionally shout uncontrollably at
                  | your foes. [potion of mutation]
118106 | Pan      | Lost mutation: Armour fits poorly on your strangely shaped
                  | body. [potion of mutation]
118106 | Pan      | Lost mutation: You are very frail. (-20% HP) [potion of
                  | mutation]
118106 | Pan      | Gained mutation: Your spells are a little harder to cast,
                  | but a little more powerful. [potion of mutation]
118178 | Pan      | Gained mutation: Potions cannot restore your health.
                  | [hidden defects]
118178 | Pan      | Lost mutation: You have hidden genetic defects. [hidden
                  | defects expressed]
118297 | Pan      | Entered the realm of Gloorx Vloq.
118297 | Pan      | Noticed Gloorx Vloq
118558 | Pan      | Found an exit through the horrors of the Abyss.
119404 | Pan      | Killed Gloorx Vloq
119410 | Pan      | Got a dark rune of Zot
119691 | Pan      | Took an exit into the Abyss.
119691 | Abyss:5  | Escaped into the Abyss
119691 | Abyss:5  | Found a corrupted altar of Lugonu.
119699 | Depths:4 | Escaped the Abyss
119781 | Dis:1    | Entered Level 1 of the Iron City of Dis
120981 | Dis:2    | Lost mutation: Your flesh is cold resistant. (rC+) [potion
                  | of mutation]
120981 | Dis:2    | Lost mutation: Your spells are a little harder to cast, but
                  | a little more powerful. [potion of mutation]
120981 | Dis:2    | Lost mutation: Your magical capacity is extremely low.
                  | (-30% MP) [potion of mutation]
121008 | Dis:2    | HP: 8/222 [war gargoyle/+0 morningstar of protection (8)]
121014 | Dis:2    | HP: 3/222 [war gargoyle/+0 morningstar of protection (7)]
121014 | Dis:2    | Mangled by a war gargoyle

Illustrated notes

Levels and vault maps discovered:
D:1:      lemuel_arrival_behind_the_door_small, layout_rooms,
          chequers_serial_rivers_micro_b, corexii_leaking_fountain
D:2:      layout_rooms, chequers_ecumenical_altar_island, minmay_heptomino_o4
D:3:      layout_basic, general_overflow_altar, serial_shops, shop, shop, shop,
          amcnicky_mini_rare_corridor_liquid, minivault_24
D:4:      layout_loops_cross, mainiacjoe_overflow_catwalk,
          nicolae_qazlal_eye_of_the_storm, kennysheep_pointless_box
D:5:      layout_cave_pools, minmay_temple_entry_gardened_gates,
          uniq_blork_the_orc
D:6:      nicolae_cairo_tiling_large_dashed, layout_loops_ring,
          nicolae_overflow_hidden_temple, hangedman_decor_push,
          chequers_serial_rivers_small_3
D:7:      gammafunk_beogh_shrine, layout_basic, nemelex_altar_shiori,
          serial_shops, nicolae_shop_pleasant_corner_grove, grunt_ministairs_4,
          water_boxes_lemuel
D:8:      gammafunk_jiyva_shrine, layout_layer_cave,
          mainiacjoe_overflow_concentric_impassable, kennysheep_slug_shrine,
          kennysheep_mini_moat
D:9:      layout_gridville, xom_redecorated, grunt_dithmenos_smoke, special_room
          [special_room_orc], uniq_grum, uniq_erica
D:10:     layout_gridville, mainiacjoe_overflow_boulevard, bloody_makhleb,
          serial_shops, kennysheep_mini, nicolae_shop_advertising_works
          [nicolae_subvault_shop_adworks], nicolae_shop_behind_doors,
          nicolae_shop_behind_doors, nicolae_trove_entry_crystal, uniq_psyche,
          uniq_joseph, uniq_maurice
D:11:     layout_roguey, david_lair_shrubbed, orc_0_dummy,
          nicolae_yredelemnul_ghost_church, uniq_harold
D:12:     layout_basic, minmay_hollow_rounded_squares
D:13:     cheibrodos_statue_roulette, layout_rooms,
          lightli_vaults_fourway_checkpoint, serial_shops,
          nicolae_shop_rolling_square, serial_bayou_pond_b
D:14:     layout_big_octagon, infiniplex_staircase_zigzag_4,
          portal_ice_cave_entry_ugly_swarm, serial_bayou, serial_bayou_shore_b,
          serial_bayou_pond_a, serial_bayou_crossing, serial_bayou_pond_b,
          pdpol_wu_jian_five_deadly_venoms
D:15:     grunt_enter_depths_snipers, layout_loops_corners, fedhas_altar_3,
          serial_shops, shop, uniq_nessos
Temple:   kb_temple_of_zot
Lair:1:   layout_small_grid, grunt_megastairs_3
Lair:2:   layout_long_grid, nicolae_spider_entry_orb_guardian,
          gammafunk_ghost_abyssal_escape, uniq_urug
Lair:3:   beast_lair_carwin_large_1, layout_loops_ring, minmay_swamp_entry_worms
Lair:4:   gammafunk_worm_tunnel, layout_cave_pods, kennysheep_catoblepas_arena,
          serial_bayou_shore_a
Lair:5:   hangedman_lair_caniforms_friends, layout_regular_city, wormcave,
          slime_entry_1
Swamp:1:  nicolae_swamp_long_stream, layout_basic_swamp,
          evilmike_swamp_ruin_house_6, swamp_pool1, nicolae_swamp_tree_designs
Swamp:2:  layout_basic_swamp, hangedman_swamp_ruin_wall, swamp_pool2,
          nicolae_swamp_feature_on_the_river_bank
Swamp:3:  nicolae_swamp_wrong_neighborhood, layout_basic_swamp,
          serial_swamp_ruin, evilmike_swamp_ruin_house_5,
          evilmike_swamp_ruin_wall, evilmike_swamp_ruin_house_2, swamp_pool5,
          nicolae_swamp_well_well_well
Swamp:4:  swamp_basic_johnstein, layout_basic_swamp
Spider:1: layout_chambers, hangedman_spider_tarantella_strand, uniq_jorgrun
Spider:2: layout_spider_delve
Spider:3: layout_spider_delve, uniq_asterion
Spider:4: floodkiller_spider_rune_tomb, uniq_nikola
Slime:1:  layout_caves
Slime:2:  layout_caves, nicolae_slime_getting_an_eyeful
Slime:3:  cheibrodos_slime_lost_civilization_2, layout_caves, basic_altar
Slime:4:  layout_caves, nicolae_slime_rock_hall_of_fame
Slime:5
Orc:1:    layout_caves
Orc:2:    st_orc_pillars, layout_caves, serial_shops, shop,
          nicolae_orc_lava_tube
Elf:1:    nicolae_elf_arrival_aired_out, layout_rooms,
          portal_desolation_entry_holy_temple, minmay_elf_necromancy,
          grunt_megastairs_5
Elf:2:    nicolae_elf_blades_crystal_corner, layout_geoelf_diagonals,
          basic_altar
Elf:3:    elf_hall_gauntlet_wide, layout_geoelf_octagon, serial_shops, shop,
          ebering_ghost_xom, chequers_big_river, uniq_saint_roka
Vaults:1: nicolae_vaults_two_Ls, sword_in_stone, nicolae_vaults_back_hallway,
          grunt_vaults_diagonal, vaults_room_semicircle, v_misc_11,
          nicolae_vaults_closet_pinwheel_1, nicolae_vaults_weapon_check,
          nicolae_vaults_storage_closets_1, vaults_room_pool, v_misc_4,
          ontoclasm_vaults_idyll, v_pattern_2, layout_vaults_omnibox,
          serial_shops, bzr_in_the_mist, uniq_donald
Vaults:2: gammafunk_dig_for_victory, hangedman_vaults_restitches,
          ontoclasm_vaults_fault, v_misc_1, vaults_room_stairs_pillars,
          nicolae_vaults_tetromino_Z_2, hangedman_vaults_slice,
          layout_vaults_chaotic_city
Vaults:3: gammafunk_ghost_fury_of_okawaru, nicolae_vaults_little_ls, v_misc_3,
          v_misc_23, nicolae_vaults_network_quincunx
          [nicolae_vaults_network_quincunx_subvault,
          nicolae_vaults_network_quincunx_subvault,
          nicolae_vaults_network_quincunx_subvault,
          nicolae_vaults_network_quincunx_subvault,
          nicolae_vaults_network_quincunx_subvault],
          nicolae_vaults_closet_pinwheel_1, nicolae_vaults_diamond_1,
          ontoclasm_vaults_hangar, nicolae_vaults_enemy_cabinets,
          nicolae_vaults_diamond_1, nicolae_vaults_little_squares_6,
          layout_vaults_omnigrid, uniq_boris
Vaults:4: nicolae_vaults_library_corner, nicolae_vaults_circle_grid_b,
          nicolae_vaults_storage_closets_3, nicolae_vaults_swerve,
          nicolae_vaults_tangram_1, vaults_room_pools, v_misc_17,
          hangedman_vaults_variations, nicolae_vaults_cochlea,
          nicolae_vaults_shelves_hall, nicolae_vaults_specimen_jars,
          nicolae_vaults_network_square, vaults_room_ringed_pool,
          nicolae_vaults_storage_closets_2, layout_vaults_maze
Vaults:5
Crypt:1:  minmay_skeleton_keep, layout_misc_corridors, minivault_5
Crypt:2:  layout_basic, lemuel_dead_fish_pool, uniq_bai_suzhen, uniq_zenata,
          uniq_jory
Crypt:3:  david_glass_crypt, layout_rooms, feat_on_display
Tomb:1
Depths:1: layout_basic, nicolae_gozag_seed_capital, marbit_kobold_abyss_entry,
          pf_hell_entry_tar_spiral, lemuel_zombie_altar_kikubaaqudgha,
          minmay_shop_grove, uniq_mara
Depths:2: mu_elephants_graveyard, layout_small_grid, enter_ziggurat_c,
          grunt_hell_entry_dis_grunt, okawaru_gym_becter,
          rand_demon_pan_entry_3, infiniplex_staircase_split_hallway
Depths:3: lemuel_traditional_vault, layout_gridlike, minmay_misc_feat_hallway,
          nicolae_abyss_entry_one_way_or_another, hell_entry, uniq_frederick
Depths:4: grunt_zot_entry_bicorn, layout_gridlike, pf_coc_iceberg,
          nicolae_titane, pan_entry
Hell
Dis:1:    nicolae_dis_array, layout_overlapping_boxes
Dis:2:    layout_jigsaw, nicolae_dis_spooky_hallway
Geh:1:    layout_gehenna_lava_caves, gehenna_fire_generator,
          nicolae_hells_seeping_fissure
Geh:2:    layout_gehenna_pools_basic
Geh:3:    layout_gehenna_pools_triple
Geh:4:    layout_gehenna_pools_basic
Geh:5:    layout_gehenna_pools_box
Geh:6:    layout_gehenna_lava_caves
Geh:7:    geh_grunt_pentagon
Coc:1:    layout_cocytus_water_paths
Tar:1:    layout_grid_maze
Tar:2:    layout_grid_maze
Tar:3:    layout_catacombs, nicolae_tar_combbox
Tar:4:    layout_grid_maze
Tar:5:    nicolae_tar_intersect_combbox, layout_cathedral_of_symmetry
Tar:6:    layout_catacombs
Tar:7:    tar_grunt_cathedral
Zot:1:    layout_concentric_octagons
Zot:2:    layout_misc_corridors
Zot:3:    layout_gridlike, uniq_grunn
Zot:4:    layout_misc_corridors
Zot:5:    layout_gridlike

Skill      XL: |  1  2  3  4  5  6  7  8  9 10 11 12 13 14 15 16 17 18 19 20 21 22 23 24 25 26 27 |
---------------+----------------------------------------------------------------------------------+-----
Axes           | 3 4 5 6 7 9 11 12 14 15 16 17 18 20 21 22 | 22.2
Dodging        | 3 4 5 6 7 8 10 11 12 13 14 15 16 17 21 | 21.3
Fighting       | 4 5 7 8 10 13 15 16 17 18 19 21 22 23 24 26 | 26.8
Armour         | 1 2 3 4 5 6 7 8 10 11 12 13 14 17 18 23 | 23.6
Shields        | 5 8 11 14 15 16 18 19 27 | 27.0
Invocations    | 3 5 6 10 11 | 11.5
Throwing       | 5 6 8 9 |  9.9
Air Magic      | 5 11 12 | 12.3
Spellcasting   | 4 5 9 13 | 13.1
Hexes          | 11 | 11.0
Evocations     | 6 |  6.0
Maces & Flails | |  0.6

Action                     |  1- 3 |  4- 6 |  7- 9 | 10-12 | 13-15 | 16-18 | 19-21 | 22-24 | 25-27 || total
---------------------------+-------+-------+-------+-------+-------+-------+-------+-------+-------++-------
  Melee: Hand axe          |    73 |    85 |    19 |       |       |       |       |       |       ||   177
         Tailslap          |    12 |    11 |    29 |   140 |   245 |   265 |   350 |   497 |  1488 ||  3037
         War axe           |       |       |   178 |   587 |  1017 |   931 |  1249 |  1687 |  4682 || 10331
         Punch             |       |       |       |       |    15 |    16 |       |       |       ||    31
         Mace              |       |       |       |       |    23 |   106 |       |    19 |    25 ||   173
  Throw: Boomerang         |       |       |     6 |    54 |    33 |       |       |       |       ||    93
         Javelin           |       |       |       |       |       |    10 |     7 |    48 |    82 ||   147
   Cast: Silence           |       |       |       |       |       |       |       |       |     8 ||     8
         Airstrike         |       |       |       |       |       |       |       |       |     3 ||     3
         Swiftness         |       |       |       |       |       |       |       |       |     2 ||     2
 Invoke: Depart the Abyss  |       |       |       |       |       |       |     1 |       |     1 ||     2
  Evoke: Wand              |       |       |       |       |     6 |       |       |     1 |     7 ||    14
    Use: Scroll            |     4 |       |     8 |    11 |    18 |    11 |     8 |    13 |    40 ||   113
         Potion            |       |       |    12 |       |     6 |     2 |    12 |       |    57 ||    89
   Stab: Sleeping          |       |       |       |       |     9 |       |       |       |     2 ||    11
         Distracted        |       |       |       |       |    11 |    29 |    40 |    50 |   179 ||   309
         Invisible         |       |       |       |       |     1 |       |       |       |     4 ||     5
 Armour: Robe              |    12 |       |       |     1 |    57 |       |       |       |       ||    70
         Leather armour    |       |    19 |    48 |       |       |       |       |       |       ||    67
         Skin              |       |       |    48 |       |       |       |       |       |       ||    48
         Acid dragon scale |       |       |     7 |   121 |       |       |       |       |       ||   128
         Scale mail        |       |       |       |       |   311 |   347 |    63 |    57 |       ||   778
         Swamp dragon scal |       |       |       |       |       |    56 |       |       |       ||    56
         Chain mail        |       |       |       |       |       |    37 |   232 |       |       ||   269
         Storm dragon scal |       |       |       |       |       |       |       |   243 |   228 ||   471
         Fire dragon scale |       |       |       |       |       |       |       |       |   698 ||   698
  Dodge: Dodged            |    37 |    39 |   135 |   349 |   490 |   464 |   177 |   254 |   881 ||  2826
  Block: Orb               |     7 |    21 |    37 |   134 |       |       |       |       |       ||   199
         Reflection        |       |       |       |     4 |    20 |    19 |    66 |    45 |    92 ||   246
         Other             |       |       |       |     6 |   358 |   310 |       |       |       ||   674
         Kite shield       |       |       |       |       |       |   201 |   932 |  1097 |  2543 ||  4773
         Tower shield      |       |       |       |       |       |       |       |       |  1096 ||  1096
